 Dungeon Crawl Stone Soup version 0.28.0-45-g0d030f2227 (webtiles) character file.

Game seed: 4288995029421530905

845 bobregger the Nimble (level 8, -6/78 HPs)
             Began as an Ogre Berserker on Apr 23, 2022.
             Was a Believer of Trog.
             Mangled by Duvessa
             ... wielding a +0 short sword
              (15 damage)
             ... on level 6 of the Dungeon.
             The game lasted 00:07:17 (4433 turns).

bobregger the Nimble (Ogre Berserker)               Turns: 4433, Time: 00:07:18

Health: -6/78      AC:  8    Str: 28    XL:     8   Next: 0%
Magic:  8/8        EV: 12    Int:  8    God:    Trog [**....]
Gold:   199        SH:  0    Dex: 10    Spells: 7/7 levels left

rFire   . . .      SeeInvis .   a - +0 mace
rCold   . . .      Faith    .   (no shield)
rNeg    . . .      Spirit   .   b - +1 animal skin
rPois   +          Reflect  .   (helmet restricted)
rElec   .          Harm     .   (no cloak)
rCorr   .          Rampage  .   (gloves unavailable)
Will    ++...                   (boots unavailable)
Stlth   +.........              (no amulet)
HPRegen 1.23/turn               k - +4 ring of protection
MPRegen 0.11/turn               l - ring "Vebuklij" {rPois Str+6}

@: strong-willed, on berserk cooldown, regenerating, slowed, very slow
A: large, unfitting armour, tough skin 1
a: Renounce Religion, Berserk, Trog's Hand


You were on level 6 of the Dungeon.
You worshipped Trog.
Trog was pleased with you.
You visited 1 branch of the dungeon, and saw 8 of its levels.

You collected 199 gold pieces.

Inventory:

Hand Weapons
 a - a +0 mace (weapon)
 o - a +0 giant spiked club
Armour
 b - a +1 animal skin (worn)
Jewellery
 k - a +4 ring of protection (left hand)
 l - the ring "Vebuklij" (right hand) {rPois Str+6}
   (You acquired it on level 4 of the Dungeon)

   [ring of strength]

   Str:       It affects your strength (+6).
   rPois:     It protects you from poison.
 m - a ring of see invisible
Wands
 p - a wand of flame (16)
Potions
 d - 2 potions of might
 e - 3 potions of magic {unknown}
 f - a potion of brilliance {unknown}
 g - a potion of degeneration {unknown}
 i - a potion of lignification {unknown}
 j - a potion of ambrosia {unknown}
 n - a potion of mutation {unknown}
 q - a potion of cancellation {unknown}


   Skills:
 - Level 4.0 Fighting
 - Level 2.6 Maces & Flails
 * Level 8.5 Dodging


You had 7 spell levels left.
You didn't know any spells.
Your spell library was empty.

Dungeon Overview and Level Annotations

Branches:
Dungeon (8/15)             Temple (0/1) D:4            Lair (0/6) D:8

Altars:

Shops:
D:6 (

Annotations:
D:6 Dowan, Duvessa


Innate Abilities, Weirdness & Mutations

You are too large for most types of armour.
You have tough skin. (AC +1)


Message History

Duvessa hits you with a +0 short sword.
* * * LOW HITPOINT WARNING * * *
The iguana barely misses you.
Dowan gestures wildly while chanting.
Dowan blinks!
You hit the iguana.
The iguana is lightly wounded.
A yak comes into view.
Duvessa says, "My weaknesses are his strengths!"
Duvessa hits you with a +0 short sword.
* * * LOW HITPOINT WARNING * * *
The iguana barely misses you.
You closely miss the iguana.
The iguana is lightly wounded.
Duvessa hits you with a +0 short sword.
* * * LOW HITPOINT WARNING * * *
The iguana bites you but does no damage.
You hit the iguana.
The iguana is heavily wounded.
You are no longer berserk.
You are exhausted.
You feel yourself slow down. Duvessa closely misses you.
Unknown command.
As you read the scroll labelled USOVVEIRGHIMANK, it crumbles to dust.
It is a scroll of enchant armour.
Your +0 animal skin glows green for a moment.
The iguana misses you. Duvessa hits you but does no damage.
The iguana bites you but does no damage.
As you read the scroll labelled MASHAX FIFEL, it crumbles to dust.
It is a scroll of amnesia.
You feel forgetful for a moment. Duvessa hits you with a +0 short sword.
* * * LOW HITPOINT WARNING * * *
The iguana bites you.
* * * LOW HITPOINT WARNING * * *
Duvessa closely misses you.
Your skin crawls.
You feel strong-willed.
The iguana bites you but does no damage.
Duvessa hits you with a +0 short sword!
You die...

#........# ..
#........#
...########........#
...................#
........###........#
########.# #.....>..#
#8.(((.#l# #ZY......#
#8.(...∩e####l#######
#8.....#YcOYe@#
########Y###### ...#
....## #####


You could see 3 yaks, Duvessa (strong), an ice beast, an ogre, Dowan, a centaur,
an iguana and a killer bee zombie.

Vanquished Creatures
  A wyvern (D:8)
  An ice beast (D:6)
  2 ogres
  A bullfrog (D:6)
  A centaur skeleton (D:4)
  2 orc priests
  2 hounds (D:4)
  An orc wizard (D:4)
  10 adders
  3 gnolls (D:3)
  An ufetubus (D:5)
  2 dart slugs
  6 orcs
  9 ball pythons
  2 bats
  4 endoplasms
  5 giant cockroaches
  4 goblins
  4 hobgoblins
  11 jackals (D:3)
  4 quokkas
  5 frilled lizards
  3 kobolds
  6 rats
90 creatures vanquished.

Notes
Turn   | Place    | Note
-------+----------+-------------------------------------------
     0 | D:1      | bobregger the Ogre Berserker began the quest for the Orb.
     0 | D:1      | Reached XP level 1. HP: 24/24 MP: 1/1
   239 | D:1      | Reached skill level 3 in Dodging
   346 | D:1      | Reached XP level 2. HP: 32/32 MP: 2/2
   730 | D:1      | Found a faded altar of an unknown god.
   861 | D:2      | Reached XP level 3. HP: 39/39 MP: 3/3
  1027 | D:2      | Reached skill level 4 in Dodging
  1494 | D:2      | Reached XP level 4. HP: 44/48 MP: 4/4
  1890 | D:3      | Reached ** piety under Trog
  1934 | D:3      | Reached skill level 5 in Dodging
  1934 | D:3      | Reached XP level 5. HP: 21/54 MP: 5/5
  2324 | D:3      | Found a glowing drain.
  2895 | D:4      | Noticed an ogre
  2901 | D:4      | Reached XP level 6. HP: 62/62 MP: 6/6
  2908 | D:4      | Reached skill level 6 in Dodging
  3106 | D:4      | Identified a scroll of acquirement
  3106 | D:4      | Acquired the ring "Vebuklij" {rPois Str+6}
  3594 | D:4      | Reached skill level 7 in Dodging
  3594 | D:4      | Reached XP level 7. HP: 69/70 MP: 7/7
  3673 | D:4      | Found a staircase to the Ecumenical Temple.
  3892 | D:5      | Entered Level 5 of the Dungeon
  3954 | D:5      | You fall into a shaft and drop 3 floors!
  3993 | D:8      | Noticed a wyvern
  4000 | D:8      | Killed a wyvern
  4005 | D:8      | Noticed a yak
  4048 | D:8      | Noticed a yak
  4048 | D:8      | Noticed a yak
  4048 | D:8      | Noticed a yak
  4050 | D:8      | Noticed a yak
  4051 | D:8      | Noticed a death yak
  4053 | D:8      | Found a staircase to the Lair.
  4053 | D:8      | Noticed a death yak
  4053 | D:8      | Noticed a death yak
  4053 | D:8      | Noticed a death yak
  4053 | D:8      | Noticed a yak
  4383 | D:6      | Found Mackuclo's Firing Range.
  4415 | D:6      | Noticed Duvessa
  4416 | D:6      | Noticed Dowan
  4418 | D:6      | Noticed a yak
  4419 | D:6      | Reached skill level 8 in Dodging
  4420 | D:6      | Noticed a yak
  4425 | D:6      | Reached XP level 8. HP: 39/78 MP: 8/8
  4428 | D:6      | Noticed a yak
  4433 | D:6      | Mangled by Duvessa

Illustrated notes

Levels and vault maps discovered:
D:1:      psy_arrival_radial01, layout_basic,
          hellmonk_ecumenical_altar_arch_garden
D:2:      layout_loops_ring
D:3:      layout_rooms, gup_sewer_entry_glass
D:4:      layout_cave_pools, temple_statues
D:5:      layout_basic, glass_columns_a, minmay_misc_feat_alley
D:6:      layout_rooms, nicolae_shop_firing_range, uniq_duvessa, uniq_edmund,
          uniq_crazy_yiuf_cottage
D:7:      layout_basic, serial_shops, shop, water_maze_lemuel, uniq_maggie
D:8:      layout_loops_ring, dpeg_lair_monsters, hangedman_feature_mirror

Skill      XL: |  1  2  3  4  5  6  7 |
---------------+----------------------+-----
Dodging        | 3 4 5 7 8 |  8.5
Fighting       | |  4.0
Maces & Flails | |  2.6

Action                   |  1- 3 |  4- 6 |  7- 9 || total
-------------------------+-------+-------+-------++-------
Melee: Mace              |    86 |   189 |    41 ||   316
       Punch             |     2 |       |     1 ||     3
Invok: Berserk           |     1 |     5 |     2 ||     8
       Trog's Hand       |       |     1 |     1 ||     2
  Use: Potion            |       |     1 |       ||     1
       Scroll            |       |     5 |     2 ||     7
 Stab: Sleeping          |     1 |       |       ||     1
Armor: Animal skin       |    26 |   131 |    34 ||   191
Dodge: Dodged            |    53 |   205 |    55 ||   313
